 Dungeon Crawl Stone Soup version 0.31-a0-261-g072fdb8a1f (webtiles) character file.

Game seed: 9723647616699928552

6 qw the Shooter (level 1, 0/16 HPs)
             Began as a Minotaur Hexslinger on July 13, 2023.
             Slain by a ball python (3 damage)
             ... on level 1 of the Dungeon.
             The game lasted 00:00:03 (50 turns).

qw the Shooter (Minotaur Hexslinger)                  Turns: 50, Time: 00:00:03

Health: 0/16       AC:  2    Str: 12    XL:     1   Next: 75%
Magic:  1/1        EV: 12    Int: 10    God:
Gold:   16         SH:  0    Dex: 12    Spells: 1/2 levels left

rFire   . . .        a - +1 sling
rCold   . . .        (no shield)
rNeg    . . .        c - +0 robe
rPois   .            (helmet restricted)
rElec   .            (no cloak)
rCorr   .            (no gloves)
SInv    .            (no boots)
Will    .....        (no amulet)
Stlth   +            (no ring)
HPRegen 0.22/turn    (no ring)
MPRegen 0.07/turn

%: no passive effects
@: no status effects
A: horns 2, retaliatory headbutt
a: no special abilities


You were on level 1 of the Dungeon.
You visited 1 branch of the dungeon, and saw 1 of its levels.

You collected 16 gold pieces.


Innate Abilities, Weirdness & Mutations

You have a pair of horns on your head.
You reflexively headbutt those who attack you in melee.


   Skills:
 - Level 1.2 Fighting
 + Level 2.9 Ranged Weapons
 - Level 2.1 Dodging
 - Level 1.0 Spellcasting
 - Level 2.0 Hexes


You had one spell level left.
You knew the following spells:

 Your Spells              Type           Power      Damage    Failure   Level
a - Slow                  Hex            16%        N/A       16%         1

Your spell library contained the following spells:

 Spells                   Type           Power      Damage    Failure   Level
 Inner Flame              Hex/Fire       2%         N/A       56%         3
 Portal Projectile        Hex/Tloc       4%         N/A       56%         3
 Cause Fear               Hex            2%         N/A       83%         4

Inventory:

Hand Weapons
 a - a +1 sling (weapon)
Armour
 c - a +0 robe (worn)
 e - a +0 ring mail
Scrolls
 b - a scroll of poison
 d - a scroll of amnesia {unknown}
 f - a scroll of revelation {unknown}

Dungeon Overview and Level Annotations

Branches:
Dungeon (1/15)

Altars:


Message History

You shoot a sling bullet. The sling bullet hits the kobold.
The kobold shouts!
The kobold is moderately wounded.
You hear an angry hiss.
A hobgoblin comes into view.
You shoot a sling bullet.
The sling bullet barely misses the endoplasm.
A bat comes into view.
A ball python comes into view.
A giant cockroach comes into view.
You shoot a sling bullet.
The sling bullet hits the kobold but does no damage.
The kobold is moderately wounded.
The kobold hits you with a +0 dagger.
A rat comes into view.
You shoot a sling bullet. The sling bullet hits the kobold.
The kobold is severely wounded.
The bat closely misses you.
The kobold hits you with a +0 dagger. x2
You shoot a sling bullet.
The sling bullet closely misses the kobold.
The bat barely misses you. The kobold barely misses you.
The endoplasm freezes you.
You are frozen.
You shoot a sling bullet.
The sling bullet closely misses the kobold.
The bat hits you but does no damage. The bat barely misses you.
You furiously retaliate!
You headbutt the bat!
You kill the bat!
The kobold hits you with a +0 dagger. The endoplasm completely misses you.
You shoot a sling bullet. The sling bullet hits the kobold.
You kill the kobold!
The hobgoblin hits you but does no damage.
The endoplasm hits you. The ball python bites you.
The ball python completely misses you.
The rat twitches its whiskers.
The hobgoblin hits you but does no damage.
The endoplasm hits you.
You shoot a sling bullet.
The sling bullet barely misses the ball python.
The ball python bites you.
You die...

).?... .. ....... ..
.......#### #.##
.....)..... .$.# .
.......... ...##.#
.........# B......
............###S......
.............@gr.# #
#..........###J#.....
.. #.........)...##
... .
##........#...... .
#.#.............|..
#.#............####.
#.............## ..
777...777......# ..
7.......77....(#


You could see an endoplasm, a giant cockroach, a hobgoblin, a ball python and a
rat.

Vanquished Creatures
  A bat (D:1)
  2 endoplasms (D:1)
  A kobold (D:1)
  A frilled lizard (D:1)
5 creatures vanquished.

Notes
Turn   | Place    | Note
-------+----------+-------------------------------------------
     0 | D:1      | qw the Minotaur Hexslinger began the quest for the Orb.
     0 | D:1      | Reached XP level 1. HP: 16/16 MP: 1/1
     0 | D:1      | 0 ||| qw: Version: 0.3-a-52-g30416fa
     0 | D:1      | 0 ||| qw: Game counter: 7009
     0 | D:1      | 0 ||| qw: Melee chars always use a shield: true
     0 | D:1      | 0 ||| qw: God list: Okawaru
     0 | D:1      | 0 ||| qw: Allow faded altars: false
     0 | D:1      | 0 ||| qw: Do Orc after clearing Dungeon:15 true
     0 | D:1      | 0 ||| qw: Do second Lair branch before Depths: true
     0 | D:1      | 0 ||| qw: Lair rune preference: random
     0 | D:1      | 0 ||| qw: Goals: Normal
     0 | D:1      | 0 ||| PLANNING D:1-11
    49 | D:1      | HP: 3/16 [ball python (3)]
    50 | D:1      | Slain by a ball python

Levels and vault maps discovered:
D:1:      amcnicky_arrival_underground_garden, layout_rooms,
          hangedman_abyss_or_decor_lesser_grid

Action                     || total
---------------------------++-------
   Fire: Sling             ||    15
 Armour: Robe              ||     3
  Dodge: Dodged            ||     6

Table legend:
 A = Non-vault XP
 B = Vault XP
 C = Vault XP percentage of total XP
 D = Non-vault monster count
 E = Vault monster count
 F = Vault count percentage of total count
                 A         B        C        D         E       F
            +---------+---------+-------+---------+---------+-------
      Total |       9 |       0 |   0.0 |       5 |       0 |   0.0
            +---------+---------+-------+---------+---------+-------
        D:1 |       9 |       0 |   0.0 |       5 |       0 |   0.0
            +---------+---------+-------+---------+---------+-------
